 Dungeon Crawl Stone Soup version 0.27-a0-1188-g73eefd5def (webtiles) character file.

Game seed: 10171771420802124534

79 DasRunzen the Slasher (level 3, -5/30 HPs)
             Began as a Demigod Gladiator on May 21, 2021.
             Slain by a kobold
             ... wielding a +2 dagger of electrocution
              (16 damage)
             ... on level 2 of the Dungeon.
             The game lasted 00:02:39 (2529 turns).

DasRunzen the Slasher (Demigod Gladiator)           Turns: 2529, Time: 00:02:40

Health: -5/30      AC:  4    Str: 15    XL:     3   Next: 97%
Magic:  7/7        EV: 12    Int: 14    God:
Gold:   99         SH:  0    Dex: 15    Spells: 4/4 levels left

rFire    . . .     SeeInvis .   a - +0 long sword
rCold    . . .     Faith    .   (no shield)
rNeg     . . .     Spirit   .   b - +0 leather armour
rPois    .         Reflect  .   c - +0 helmet
rElec    .         Harm     .   (no cloak)
rCorr    .         Rampage  .   (no gloves)
Will     .....                  (no boots)
Stlth    +.........             (no amulet)
HPRegen  0.10/turn              (no ring)
MPRegen  0.10/turn              (no ring)

@: no status effects
A: high mp 1, forlorn
a: no special abilities


You were on level 2 of the Dungeon.
You visited 1 branch of the dungeon, and saw 2 of its levels.

You collected 99 gold pieces.

Inventory:

Hand Weapons
 a - a +0 long sword (weapon)
Missiles
 d - 3 throwing nets (quivered)
Armour
 b - a +0 leather armour (worn)
 c - a +0 helmet (worn)
Potions
 e - a potion of curing
 f - a potion of cancellation
 g - a potion of flight
 h - 2 potions of brilliance {unknown}
 i - a potion of resistance {unknown}


   Skills:
 + Level 2.4 Fighting
 + Level 3.1 Long Blades
 - Level 1.7 Throwing
 + Level 1.3 Armour
 + Level 3.1 Dodging
 + Level 1.1 Spellcasting


You had 4 spell levels left.
You didn't know any spells.
Your spell library was empty.

Dungeon Overview and Level Annotations

Branches:
Dungeon (2/15)


Innate Abilities, Weirdness & Mutations

Your attributes grow dramatically as you level up.
You have an increased reservoir of magic. (+10% MP)
You shall have no god before yourself.


Message History

You kill the adder!
No target in view!
No target in view!
As you read the scroll of identify, it crumbles to dust.
g - a potion of flight
Found a stone staircase leading down.
You now have 99 gold pieces (gained 2).
A rat comes into view.
A rat is nearby!
Found 13 stones.
Found a stone staircase leading up.
The rat bites you but does no damage.
You slash the rat!
You kill the rat!
No target in view!
Found a stone staircase leading down.
A bat comes into view.
The helpless bat fails to defend itself.
You slash the bat!
You kill the bat!
No target in view!
As you open the door, it creaks loudly!
There is an open door here.
There is an open door here.
A kobold comes into view.
It is wielding a +2 dagger of electrocution and quivering poisoned darts.
A kobold is nearby!
The kobold shouts!
You closely miss the kobold. The kobold hits you but does no damage.
You are electrocuted!!
Ouch! That really hurt!
You are too injured to fight recklessly!
You are too injured to fight recklessly!
You are too injured to fight recklessly!
You barely miss the kobold. The kobold barely misses you.
The kobold misses you.
You closely miss the kobold.
The kobold hits you with a +2 dagger of electrocution.
You are electrocuted!
Ouch! That really hurt!
You die...

#.....†...##.
###########.#####...##.
.........##.# ###..##.
########.##.# #.....#.
###.##.####...>.#.
#.....#......#........'.
#.....#.#.......#.....##
#...).#.#...............
#.....#@#.##.....#######
#########.....#K#........#
#.............#.####.....#
#.............#.#..+.....#
#.............#.#.##.....#
#.........###.#.#.##.....#
#######.### #.#.#....#'#.#
#.#####.#.#....#.#.######
#.#...#.#.#.#..#.#......#


You could see a kobold.

Vanquished Creatures
  An iguana (D:2)
  An adder (D:2)
  A dart slug (D:1)
  5 bats
  3 endoplasms (D:1)
  A giant cockroach (D:2)
  3 hobgoblins
  5 jackals (D:1)
  A kobold (D:2)
  A quokka (D:1)
  3 ball pythons
  3 frilled lizards
  7 goblins
  8 rats
43 creatures vanquished.

Notes
Turn   | Place    | Note
-------+----------+-------------------------------------------
     0 | D:1      | DasRunzen the Demigod Gladiator began the quest for the
                  | Orb.
     0 | D:1      | Reached XP level 1. HP: 17/17 MP: 3/3
   737 | D:1      | Reached XP level 2. HP: 24/24 MP: 4/4
  1491 | D:1      | Reached skill level 1 in Armour
  1491 | D:1      | Reached XP level 3. HP: 25/29 MP: 6/6
  2007 | D:2      | HP: 1/29 [iguana (9)]
  2009 | D:2      | Reached skill level 1 in Spellcasting
  2529 | D:2      | Slain by a kobold

Illustrated notes

Levels and vault maps discovered:
D:1:      onia_arrival_mini_maze_b, layout_basic, serial_rivers,
          chequers_serial_rivers_marsh, chequers_serial_rivers_marsh,
          chequers_serial_rivers_small_b, chequers_serial_rivers_micro_e,
          chequers_serial_rivers_micro_e, minmay_liquid_box
D:2:      layout_basic

Skill      XL: |  1  2  3 |
---------------+----------+-----
Fighting       | 2 |  2.4
Armour         | 1 |  1.3
Long Blades    | 3 |  3.1
Dodging        | 3 |  3.1
Spellcasting   | 1 |  1.1
Throwing       | |  1.7

Action                   || total
-------------------------++-------
Melee: Long sword        ||    99
  Use: Scroll            ||     3
 Stab: Sleeping          ||     3
Armor: Leather armour    ||    30
Dodge: Dodged            ||    71
       Rpst.: Long sword ||    21

Table legend: (Time is in decaauts)
 A = Elapsed time spent in this place.
 B = Non-inter-level travel time spent in this place.
 C = Inter-level travel time spent in this place.
 D = Time resting spent in this place.
 E = Time spent auto-exploring this place.
 F = Levels seen in this place.
 G = Mean time per level.
                   A        B        C        D        E       F      G
               +--------+--------+--------+--------+--------+-----+--------+
         Total |   2558 |   2535 |     23 |    496 |   1701 |   2 | 1279.0 |
       Dungeon |   2558 |   2535 |     23 |    496 |   1701 |   2 | 1279.0 |
               +--------+--------+--------+--------+--------+-----+--------+

Top non-repeatable levels by time:
     D:1: 1827 daAuts
     D:2: 730 daAuts
